 Dungeon Crawl Stone Soup version 0.26-a0-812-g31a745ddcd (webtiles) character file.

Game seed: 18022827513351940516

142 HoaS the Shield-Bearer (level 5, -3/32 HPs)
             Began as a Gargoyle Fighter on Dec 8, 2020.
             Slain by an ogre
             ... wielding a +0 giant club
              (6 damage)
             ... on level 4 of the Dungeon.
             The game lasted 00:06:32 (2939 turns).

HoaS the Shield-Bearer (Gargoyle Fighter)           Turns: 2939, Time: 00:06:32

Health: -3/32      AC: 16    Str: 21    XL:     5   Next: 24%
Magic:  0/5        EV:  5    Int:  8    God:
Gold:   171        SH:  9    Dex:  9    Spells: 4/4 levels left

rFire    . . .     SeeInvis .   a - +1 flail
rCold    . . .     Faith    .   c - +0 kite shield
rNeg     + . .     Spirit   +   e - +0 chain mail
rPois    ∞         Reflect  .   g - +2 helmet
rElec    +         Harm     .   (no cloak)
rCorr    .         Rampage  .   (no gloves)
MR       .....                  (no boots)
Stlth    ..........             k - amulet of guardian spirit
HPRegen  0.10/turn              (no ring)
MPRegen  0.09/turn              (no ring)

@: no status effects
A: negative energy resistance 1, electricity resistance, unbreathing,
petrification resistance, rot immunity, AC +4
a: no special abilities


You were on level 4 of the Dungeon.
You visited 2 branches of the dungeon, and saw 5 of its levels.

You collected 171 gold pieces.

Inventory:

Hand Weapons
 a - a +1 flail (weapon)
Armour
 c - a +0 kite shield (worn)
 e - a +0 chain mail (worn)
 g - a +2 helmet (worn)
Jewellery
 k - an amulet of guardian spirit (around neck)
Scrolls
 b - a scroll of identify
 i - 2 scrolls of remove curse
 j - a scroll of fog
Potions
 d - a potion of might
 h - a potion of ambrosia
 l - a potion of lignification


   Skills:
 - Level 3.2 Fighting
 * Level 4.4 Maces & Flails
 - Level 3.2 Armour
 + Level 4.4 Shields


You had 4 spell levels left.
You didn't know any spells.
Your spell library contained the following spells:

 Spells                   Type           Power        Failure   Level
 Magic Dart               Conj           #...         100%        1
 Blink                    Tloc           N/A          100%        2
 Call Imp                 Summ           #.......     100%        2
 Slow                     Hex            #.......     100%        2
 Conjure Flame            Conj/Fire      #.......     100%        3
 Mephitic Cloud           Conj/Pois/Air  #.......     100%        3


Dungeon Overview and Level Annotations

Branches:
Dungeon (4/15)             Temple (1/1) D:4

Altars:
Ashenzari
Cheibriados
Dithmenos
Elyvilon
Gozag
Kikubaaqudgha
Qazlal
Ru
Sif Muna
Zin
The Shining One


Innate Abilities, Weirdness & Mutations

You are resistant to torment.
Your stone body is resilient. (AC +4)
You are immune to poison.
You resist negative energy. (rN+)
You are resistant to electric shocks. (rElec)
You can survive without breathing.
You are immune to petrification.
You are immune to rotting.


Message History

The ogre is lightly wounded.
The ogre hits you but does no damage.
You hit the ogre.
The ogre is lightly wounded.
The ogre hits you with a +0 giant club!
You barely miss the ogre.
The ogre is lightly wounded.
The ogre hits you with a +0 giant club!
You are too injured to fight recklessly!
You are too injured to fight recklessly!
You are too injured to fight recklessly!
You feel better. The ogre hits you with a +0 giant club!
You hit the ogre.
The ogre is moderately wounded.
The ogre hits you with a +0 giant club!
* * * LOW HITPOINT WARNING * * *
You thump the ogre!
The ogre is severely wounded.
The ogre hits you with a +0 giant club.
You die...

###..##.###.########..#
.....##.# ... #..#
###.###.######.#####..#
............ ..##..#
###.###.#### # #.##..#
###.### #.##.##..#
......# #..).....#
#.....# ########.###.##
#.....# ......O@......#
#.....# #########.#####
....#.# .# ....#.# .#
....#.# .# ....#.# .#
....# .# ....# ....#


You could see an ogre.

Vanquished Creatures
  A hound skeleton (D:4)
  Robin (D:2)
  3 adders (D:2)
  2 worms (D:2)
  3 dart slugs
  5 leopard geckos
  An orc (D:3)
  7 bats
  4 giant cockroaches
  10 goblins
  11 hobgoblins
  A quokka (D:2)
  2 ball pythons
  5 frilled lizards
  7 kobolds
  8 rats
71 creatures vanquished.

Notes
Turn   | Place    | Note
-------+----------+-------------------------------------------
     0 | D:1      | HoaS the Gargoyle Fighter began the quest for the Orb.
     0 | D:1      | Reached XP level 1. HP: 14/14 MP: 1/1
   131 | D:1      | Reached XP level 2. HP: 18/19 MP: 2/2
   421 | D:1      | Reached XP level 3. HP: 11/23 MP: 3/3
  1062 | D:2      | Noticed Robin
  1252 | D:2      | Killed Robin
  1252 | D:2      | Reached XP level 4. HP: 23/28 MP: 4/4
  1466 | D:2      | Found an opulent altar of Gozag.
  1639 | D:2      | Reached XP level 5. HP: 22/32 MP: 5/5
  2412 | D:4      | Found a staircase to the Ecumenical Temple.
  2447 | Temple   | Entered the Ecumenical Temple
  2773 | D:4      | Found a snail-covered altar of Cheibriados.
  2795 | D:4      | Got a slimy chain mail
  2796 | D:4      | Identified the +1 chain mail of the Imp {Rampage MR-
                  | Regen+} (You found it on level 4 of the Dungeon)
  2932 | D:4      | Noticed an ogre
  2939 | D:4      | Slain by an ogre

Illustrated notes

Levels and vault maps discovered:
D:1:      sevenhm_arrival_forest_fort_large_2, layout_basic
D:2:      lemuel_upstairs_altar, layout_basic, old_standard_altar,
          solitary_fountain, uniq_robin
D:3:      layout_loops_ring
D:4:      layout_basic, old_standard_altar, temple_pool_b,
          cheibrodos_ashenzari_chains
Temple:   jpeg_temple_island

Skill      XL: |  1  2  3  4 |
---------------+-------------+-----
Maces & Flails | 3 4 |  4.4
Shields        | 4 |  4.4
Fighting       | |  3.2
Armour         | |  3.2

Action                   |  1- 3 |  4- 6 || total
-------------------------+-------+-------++-------
Melee: Flail             |   135 |   150 ||   285
  Use: Scroll            |       |    15 ||    15
       Potion            |       |     1 ||     1
Armor: Chain mail        |    73 |    72 ||   145
Dodge: Dodged            |    35 |    29 ||    64
Block: Kite shield       |    60 |    73 ||   133

Table legend: (Time is in decaauts)
 A = Elapsed time spent in this place.
 B = Non-inter-level travel time spent in this place.
 C = Inter-level travel time spent in this place.
 D = Time resting spent in this place.
 E = Time spent auto-exploring this place.
 F = Levels seen in this place.
 G = Mean time per level.
                   A        B        C        D        E       F      G
               +--------+--------+--------+--------+--------+-----+--------+
         Total |   3066 |   2929 |    137 |    274 |   1988 |   5 |  613.2 |
       Dungeon |   2780 |   2682 |     98 |    274 |   1742 |   4 |  695.0 |
        Temple |    286 |    247 |     39 |      0 |    245 |   1 |  286.0 |
               +--------+--------+--------+--------+--------+-----+--------+

Top non-repeatable levels by time:
     D:1: 990 daAuts
     D:2: 911 daAuts
     D:3: 592 daAuts
  Temple: 286 daAuts
     D:4: 285 daAuts
